 Dungeon Crawl Stone Soup version 0.32-a0-571-gec57dfcd37 (webtiles) character file.

Game seed: 11965328629162156867

93 CougarLife the Digger (level 4, -2/24 HPs)
             Began as a Gargoyle Earth Elementalist on Mar 1, 2024.
             Slain by Sigmund
             ... wielding a +0 scythe
              (9 damage)
             ... on level 3 of the Dungeon.
             The game lasted 00:02:20 (2405 turns).

CougarLife the Digger (Gargoyle Earth Elementalist) Turns: 2405, Time: 00:02:21

Health: -2/24      AC:  9    Str: 12    XL:     4   Next: 62%
Magic:  4/8        EV: 11    Int: 17    God:
Gold:   211        SH:  0    Dex: 10    Spells: 8/9 levels left

rFire   . . .        j - +0 dagger
rCold   . . .        (no shield)
rNeg    + . .        a - +0 robe
rPois   ∞            g - +0 helmet
rElec   +            (no cloak)
rCorr   .            m - +1 pair of gloves
SInv    .            c - +0 pair of boots
Will    .....        (no amulet)
Stlth   ++           (no ring)
HPRegen 0.24/turn    (no ring)
MPRegen 0.11/turn

%: no passive effects
@: very slightly contaminated
A: sickness immunity, AC +3, negative energy resistance 1, electricity
resistance, torment resistance 1, petrification resistance
a: no special abilities


You were on level 3 of the Dungeon.
You visited 1 branch of the dungeon, and saw 3 of its levels.

You collected 211 gold pieces.

Inventory:

Hand Weapons
 j - a +0 dagger (weapon)
Armour
 a - a +0 robe (worn)
 c - a +0 pair of boots (worn)
 g - a +0 helmet (worn)
 m - a +1 pair of gloves (worn)
Scrolls
 h - a scroll of identify {unknown}
Potions
 d - 2 potions of curing {unknown}
 e - 2 potions of cancellation {unknown}
 f - 3 potions of degeneration {unknown}
 k - a potion of invisibility {unknown}
 l - a potion of brilliance {unknown}


   Skills:
 - Level 1.5 Dodging
 - Level 2.1 Stealth
 + Level 3.0 Spellcasting
 + Level 2.7 Conjurations
 + Level 4.7 Earth Magic


You had 8 spell levels left.
You knew the following spells:

 Your Spells              Type           Power      Damage    Failure   Level
a - Sandblast             Erth           36%        2d10      2%          1

Your spell library contained the following spells:

 Spells                   Type           Power      Damage    Failure   Level
 Passwall                 Erth           18%        N/A       8%          3
 Stone Arrow              Conj/Erth      30%        3d8       12%         3
 Brom's Barrelling Bould  Conj/Erth      15%        2d4       36%         4
 Petrify                  Alch/Erth      10%        N/A       54%         4


Dungeon Overview and Level Annotations

Branches:
Dungeon (3/15)

Altars:

Annotations:
D:3 Sigmund


Innate Abilities, Weirdness & Mutations

You are immune to sickness and miasma.
Your stone body is resilient. (AC +3)
You are immune to poison.
You resist negative energy. (rN+)
You are resistant to electric shocks. (rElec)
You are resistant to unholy torment.
You are immune to petrification.


Message History

The blast of sand misses Sigmund.
Sigmund casts a spell.
Sigmund flickers and vanishes!
Deactivating autopickup; reactivate with Ctrl-A.
The blast of sand hits something.
Something hits you.
You are out of magic!
A hobgoblin is nearby!
Magic courses through your body. Something hits you!
Casting: Sandblast (safe; 2% risk of failure)
Confirm with . or Enter, or press ? or * to list all spells.
Aiming: Sandblast (safe; 2% risk of failure)
Press: ? - help, Shift-Dir - straight line, p - hobgoblin The blast of sand hits something.
The hobgoblin closely misses you. Something hits you.
Casting: Sandblast (safe; 2% risk of failure)
Confirm with . or Enter, or press ? or * to list all spells.
Aiming: Sandblast (safe; 2% risk of failure)
Press: ? - help, Shift-Dir - straight line You miscast Sandblast.
You are very lightly contaminated with residual magic.
Nothing appears to happen.
The hobgoblin closely misses you.
Casting: Sandblast (safe; 2% risk of failure)
Confirm with . or Enter, or press ? or * to list all spells.
Aiming: Sandblast (safe; 2% risk of failure)
Press: ? - help, Shift-Dir - straight line The blast of sand hits the hobgoblin!
You kill the hobgoblin!
Something hits you but does no damage.
Casting: Sandblast (safe; 2% risk of failure)
Confirm with . or Enter, or press ? or * to list all spells.
Aiming: Sandblast (safe; 2% risk of failure)
Press: ? - help, Shift-Dir - straight line Something hits you.
* * * LOW HITPOINT WARNING * * *
Casting: Sandblast (safe; 2% risk of failure)
Confirm with . or Enter, or press ? or * to list all spells.
Aiming: Sandblast (safe; 2% risk of failure)
Press: ? - help, Shift-Dir - straight line Something hits you!
You die...

..#. ....# .#.........#
#.... ..........# #.##.
#.........# #
#.........# #
#.##........ #.#
#.##.){).. ....#
#.###...# ....#
#...#.@$##### ....#
#...........#
....#######.#.#.#####.#
.(...............###
......(#...........#
....##..##.......#.....
........##.......######
.#########.......# ##
#.......#


There were no monsters in sight!

Vanquished Creatures
  2 adders (D:2)
  A gnoll (D:3)
  2 ribbon worms (D:2)
  3 dart slugs (D:2)
  2 orcs (D:3)
  A giant cockroach (D:2)
  7 hobgoblins
  4 quokkas
  2 ball pythons
  2 bats (D:2)
  2 frilled lizards
  14 goblins
  2 kobolds (D:1)
  6 rats
50 creatures vanquished.

Notes
Turn   | Place    | Note
-------+----------+-------------------------------------------
     0 | D:1      | CougarLife the Gargoyle Earth Elementalist began the quest
                  | for the Orb.
     0 | D:1      | Reached XP level 1. HP: 10/10 MP: 3/3
   261 | D:1      | Reached XP level 2. HP: 15/15 MP: 1/5
   871 | D:2      | Reached skill level 4 in Earth Magic
  1031 | D:2      | Reached XP level 3. HP: 19/19 MP: 3/6
  1440 | D:2      | Found a faded altar of an unknown god.
  1790 | D:2      | Reached XP level 4. HP: 18/24 MP: 1/8
  2393 | D:3      | Noticed Sigmund
  2405 | D:3      | Slain by Sigmund

Illustrated notes

Levels and vault maps discovered:
D:1:      dpeg_arrival_water_temple_mockup, layout_rooms, serial_forest,
          infiniplex_forest_pool, infiniplex_forest_straight_5,
          infiniplex_forest_corner_2, infiniplex_forest_end_1,
          infiniplex_forest_clump_curved, infiniplex_forest_clump_small,
          infiniplex_forest_clump_double, infiniplex_forest_lined_3_way
D:2:      cheibrodos_greedy_goblins, layout_basic,
          shapermc_ecumenical_altar_mp_vishouse
D:3:      layout_rooms, minmay_ogre_servants, uniq_sigmund, uniq_terence

Skill      XL: |  1  2  3  4 |
---------------+-------------+-----
Earth Magic    | 4 |  4.7
Conjurations   | 2 |  2.7
Spellcasting   | 3 |  3.0
Dodging        | |  1.5
Stealth        | |  2.1

Action                     |  1- 3 |  4- 6 || total
---------------------------+-------+-------++-------
  Melee: Dagger            |     7 |     6 ||    13
         Unarmed           |     2 |       ||     2
   Cast: Sandblast         |    48 |    28 ||    76
    Use: Potion            |       |     1 ||     1
 Armour: Robe              |    29 |    10 ||    39
  Dodge: Dodged            |    22 |    10 ||    32

Table legend: (Time is in decaauts)
 A = Elapsed time spent in this place.
 B = Non-inter-level travel time spent in this place.
 C = Inter-level travel time spent in this place.
 D = Time resting spent in this place.
 E = Time spent auto-exploring this place.
 F = Levels seen in this place.
 G = Mean time per level.
                   A        B        C        D        E       F      G
               +--------+--------+--------+--------+--------+-----+--------+
         Total |   2442 |   2323 |    119 |    470 |   1507 |   3 |  814.0 |
       Dungeon |   2442 |   2323 |    119 |    470 |   1507 |   3 |  814.0 |
               +--------+--------+--------+--------+--------+-----+--------+

Top non-repeatable levels by time:
     D:2: 1489 daAuts
     D:1: 781 daAuts
     D:3: 170 daAuts
